 Dungeon Crawl Stone Soup version 0.28.0-62-gf88900778d (webtiles) character file.

Game seed: 15748693963790854827

1016 cbfl8 the Chopper (level 8, -4/61 HPs)
             Began as a Minotaur Fighter on Sept 14, 2023.
             Was a Believer of Hepliaklqana.
             Slain by an orc warrior
             ... wielding a +0 dire flail
              (5 damage)
             ... on level 5 of the Dungeon.
             The game lasted 00:04:47 (4995 turns).

cbfl8 the Chopper (Minotaur Fighter)                Turns: 4995, Time: 00:04:48

Health: -4/61      AC:  8    Str: 20    XL:     8   Next: 1%
Magic:  7/7        EV:  6    Int:  5    God:    Hepliaklqana [**....]
Gold:   100        SH:  0    Dex: 13    Spells: 7/7 levels left

rFire   . . .      SeeInvis .   a - +0 war axe
rCold   . . .      Faith    .   e - +2 tower shield
rNeg    . . .      Spirit   .   b - +0 scale mail
rPois   .          Reflect  .   (helmet restricted)
rElec   .          Harm     .   (no cloak)
rCorr   .          Rampage  .   p - +0 pair of gloves
Will    .....                   (no boots)
Stlth   ..........              (no amulet)
HPRegen 0.20/turn               (no ring)
MPRegen 0.10/turn               (no ring)

@: confused
A: reduced essence, horns 2, retaliatory headbutt
a: Renounce Religion, Recall Ancestor, Ancestor Identity


You were on level 5 of the Dungeon.
You worshipped Hepliaklqana.
Hepliaklqana was pleased with you.
You visited 1 branch of the dungeon, and saw 5 of its levels.

You collected 213 gold pieces.
You spent 113 gold pieces at shops.

Inventory:

Hand Weapons
 a - a +0 war axe (weapon)
Armour
 b - a +0 scale mail (worn)
 e - a +2 tower shield (worn)
 p - a +0 pair of gloves (worn)
Wands
 t - a wand of charming (10)
Scrolls
 c - 2 scrolls of teleportation {unknown}
 i - a scroll of immolation
 m - a scroll of enchant weapon
 n - a scroll of summoning
 o - a scroll of magic mapping
 r - a scroll of fear {unknown}
 s - a scroll of noise {unknown}
Potions
 d - 2 potions of degeneration {unknown}
 f - a potion of flight {unknown}
 g - a potion of cancellation {unknown}
 h - a potion of haste
 j - 2 potions of heal wounds {unknown}
 k - a potion of resistance {unknown}
 l - a potion of attraction {unknown}
 q - a potion of curing {unknown}
 u - a potion of berserk rage {unknown}


   Skills:
 + Level 5.0 Fighting
 + Level 6.4 Axes
 + Level 6.0 Armour
 + Level 6.3 Shields
 * Level 3.4 Evocations


You had 7 spell levels left.
You didn't know any spells.
Your spell library contained the following spells:

 Spells                   Type           Power      Damage    Failure   Level
 Animate Skeleton         Necr           0%         N/A       100%        1
 Apportation              Tloc           0%         N/A       100%        1
 Pain                     Necr           0%         1d4       100%        1
 Vampiric Draining        Necr           0%         2d6       100%        3
 Alistair's Intoxication  Tmut/Pois      0%         N/A       100%        5


Dungeon Overview and Level Annotations

Branches:
Dungeon (5/15)             Temple (0/1) D:4

Altars:
Hepliaklqana

Shops:
D:2 [(*

Annotations:
D:3 3 runed translucent doors, cbfl8's ghost, weakling MiBe; infinitevox's ghost, amateur DsWn


Innate Abilities, Weirdness & Mutations

Your life essence is reduced to manifest your ancestor. (-10% HP)
You have a pair of horns on your head.
You reflexively headbutt those who attack you in melee.


Message History

The jackal bites you but does no damage.
Unknown command.
You closely miss the jackal. You headbutt the jackal.
The jackal is severely wounded.
You hit something but do no damage.
Valentine barely misses the jackal.
Unknown command.
You hit the orc warrior.
The orc warrior is lightly wounded.
You hit the jackal. You block the jackal's attack.
The jackal bites you but does no damage.
Valentine hits the jackal with a +0 quarterstaff!
The jackal dies!
The orc warrior hits you with a +0 dire flail!
You hit the orc warrior but do no damage.
The orc warrior is lightly wounded.
You miss something.
Valentine closely misses something.
You hear some strange, mumbled words.
You are confused.
The orc warrior hits you with a +0 dire flail!!
Valentine hits something with a +0 quarterstaff!
You are too confused!
Unknown command.
You are too confused!
Unknown command.
You are too confused!
You bump into the rock wall.
The orc warrior hits you with a +0 dire flail!
* * * LOW HITPOINT WARNING * * *
Something hits you but does no damage.
Valentine casts a spell at the jackal.
The stone arrow hits something.
You closely miss Valentine. You hit something.
Reactivating autopickup.
You feel a bit more experienced.
You hit the orc warrior.
The orc warrior hits you with a +0 dire flail!
* * * LOW HITPOINT WARNING * * *
Valentine hits the orc warrior with a +0 quarterstaff!
The jackal bites you but does no damage.
The orc warrior hits you with a +0 dire flail.
You die...

#.# #.#
#.#####.###.##
#.......<..>.#
#######.###).#
#.# #..# #.#
#..# #.# #..#
#.#
#..######...
#.#
#...@oho....
#.#
#.?.Rho.....
#.#
#...#######.
......
###...## ...##
##$.# #..


You could see the friendly Valentine the battlemage, an orc warrior (ally
target), 2 orcs and 2 jackals.

Vanquished Creatures
  Eustachio (D:4)
  An ogre (D:4)
  A phantom (D:2)
  A scorpion (D:3)
  4 orc priests
  Terence (D:3)
  Natasha (thrice) (D:2)
  4 orc wizards
  A hound skeleton (D:4)
  3 adders
  3 gnolls (D:4)
  An ufetubus (D:3)
  2 worms
  A dart slug (D:3)
  16 orcs
  5 endoplasms
  3 giant cockroaches (D:1)
  13 goblins
  4 hobgoblins
  4 jackals
  3 kobolds
  3 quokkas
  7 ball pythons
  4 bats
  2 frilled lizards
  2 rats
93 creatures vanquished.

Vanquished Creatures (collateral kills)
  Grinder (D:3)
  4 orcs
  A goblin (D:4)
  A hobgoblin (D:4)
  A jackal (D:5)
  2 ball pythons (D:4)
  2 kobolds
12 creatures vanquished.

Vanquished Creatures (others)
  An ancestor (D:4)
  A plant (D:2)
2 creatures vanquished.

Grand Total: 107 creatures vanquished

Notes
Turn   | Place    | Note
-------+----------+-------------------------------------------
     0 | D:1      | cbfl8 the Minotaur Fighter began the quest for the Orb.
     0 | D:1      | Reached XP level 1. HP: 19/19 MP: 0/0
   150 | D:1      | Reached XP level 2. HP: 27/27 MP: 1/1
   269 | D:1      | Found a faded altar of an unknown god.
   478 | D:1      | Reached XP level 3. HP: 33/33 MP: 2/2
   748 | D:2      | Found Qeskakewn's Antique Weapon Shop.
   798 | D:2      | Noticed Natasha
   808 | D:2      | Killed Natasha
   808 | D:2      | Noticed a phantom
   809 | D:2      | Reached skill level 1 in Evocations
   820 | D:2      | Killed a phantom
   821 | D:2      | Reached XP level 4. HP: 7/40 MP: 3/3
  1084 | D:2      | Found Fyujal's Assorted Antiques.
  1091 | D:2      | Bought a scroll labelled PINECUTWEU for 29 gold pieces
  1091 | D:2      | Bought a scroll labelled XUT TUEWO for 29 gold pieces
  1091 | D:2      | Bought a scroll labelled ZUOH ZEANECZIS for 29 gold pieces
  1316 | D:2      | Found a hazy altar of Hepliaklqana.
  1345 | D:2      | Found Adunedat's Antique Armour Boutique.
  1365 | D:2      | Became a worshipper of Hepliaklqana the Forgotten
  1394 | D:2      | Reached XP level 5. HP: 46/46 MP: 4/4
  1686 | D:2      | Noticed Natasha
  1689 | D:2      | Killed Natasha
  1783 | D:2      | Noticed Natasha
  1790 | D:2      | Killed Natasha
  1862 | D:2      | Bought an amethyst potion for 26 gold pieces
  2046 | D:3      | Reached skill level 5 in Shields
  2277 | D:3      | Reached * piety under Hepliaklqana
  2283 | D:3      | Found a runed translucent gate.
  2284 | D:3      | Found a runed translucent gate.
  2285 | D:3      | Found a runed translucent gate.
  2286 | D:3      | Noticed cbfl8's ghost (weakling MiBe)
  2287 | D:3      | Noticed infinitevox's ghost (amateur DsWn)
  2305 | D:3      | Reached XP level 6. HP: 31/47 MP: 5/5
  2450 | D:3      | Noticed Grinder
  2461 | D:3      | Paralysed by Grinder for 5 turns
  2466 | D:3      | Killed Grinder
  2467 | D:3      | Reached skill level 5 in Axes
  2486 | D:3      | Noticed Terence
  3234 | D:3      | Killed Terence
  3235 | D:3      | Reached skill level 5 in Armour
  3324 | D:4      | Reached XP level 7. HP: 54/54 MP: 6/6
  3812 | D:4      | Found a staircase to the Ecumenical Temple.
  4433 | D:4      | Noticed Eustachio
  4459 | D:4      | Killed Eustachio
  4460 | D:4      | Reached skill level 5 in Fighting
  4593 | D:4      | Reached XP level 8. HP: 42/61 MP: 7/7
  4758 | D:4      | Reached ** piety under Hepliaklqana
  4759 | D:4      | Remembered your ancestor Valentine as a battlemage
  4975 | D:5      | Entered Level 5 of the Dungeon
  4995 | D:5      | HP: 1/61 [orc warrior/+0 dire flail (16)]
  4995 | D:5      | Slain by an orc warrior

Illustrated notes

Levels and vault maps discovered:
D:1:      dpeg_arrival_renting, layout_basic, dreamdust_ecumenical_altar_grove
D:2:      layout_loops_cross, basic_altar, serial_shops, shop,
          nicolae_shop_overgrown_old_shop, shop, minmay_pentomino_v4,
          uniq_natasha
D:3:      layout_basic, gammafunk_ghost_cemetery, uniq_grinder, uniq_terence
D:4:      layout_basic, minmay_temple_entry_junction, uniq_eustachio
D:5:      layout_loops_ring, led_xom_imps

Skill      XL: |  1  2  3  4  5  6  7 |
---------------+----------------------+-----
Shields        | 4 5 6 |  6.3
Armour         | 4 5 6 |  6.0
Fighting       | 4 5 |  5.0
Axes           | 3 4 5 6 |  6.4
Evocations     | 1 2 3 |  3.4

Action                   |  1- 3 |  4- 6 |  7- 9 || total
-------------------------+-------+-------+-------++-------
Melee: War axe           |    49 |    86 |    77 ||   212
       Headbutt          |     9 |    12 |    15 ||    36
Invok: Ancestor Identity |       |     2 |       ||     2
       Ancestor Life: Ba |       |       |     1 ||     1
  Use: Potion            |     1 |       |       ||     1
       Scroll            |       |     4 |     2 ||     6
 Stab: Distracted        |       |       |     1 ||     1
Armor: Scale mail        |    26 |    30 |    36 ||    92
Dodge: Dodged            |    19 |    14 |    21 ||    54
Block: Buckler           |     3 |       |       ||     3
       Tower shield      |    52 |    81 |   103 ||   236
